 Dungeon Crawl Stone Soup version 0.20.1-1-g8b1a95d (webtiles) character file.

555 Hylith the Shield-Bearer (level 7, 0/61 HPs)
             Began as a Hill Orc Fighter on Dec 24, 2017.
             Was an Initiate of Makhleb.
             Slain by a bullfrog skeleton (2 damage)
             ... on level 5 of the Dungeon on Dec 25, 2017.
             The game lasted 00:12:31 (3098 turns).

Hylith the Shield-Bearer (Hill Orc Fighter)         Turns: 3098, Time: 00:12:32

Health: 0/61       AC:  8    Str: 21    XL:     7   Next: 30%
Magic:  7/7        EV:  8    Int:  8    God:    Makhleb [......]
Gold:   112        SH: 10    Dex: 10    Spells: 6/6 levels left

rFire    . . .     SeeInvis .   a - +0 long sword
rCold    . . .     Gourm    .   c - +0 shield
rNeg     . . .     Faith    .   b - +0 scale mail
rPois    .         Spirit   .   i - +0 helmet
rElec    .         Reflect  .   (no cloak)
rCorr    .         Harm     .   (no gloves)
MR       .....                  (no boots)
Stlth    ..........             (no amulet)
Regen    0.2/turn               (no ring)
MPRegen  0.1/turn               (no ring)

@: no status effects
A: no striking features
a: Renounce Religion


You were on level 5 of the Dungeon.
You worshipped Makhleb.
Makhleb was noncommittal.
You were not hungry.

You visited 2 branches of the dungeon, and saw 6 of its levels.

You collected 112 gold pieces.

Inventory:

Hand Weapons
 a - a +0 long sword (weapon)
 u - a cursed -3 quarterstaff
Armour
 b - a +0 scale mail (worn)
 c - a +0 shield (worn)
 i - a +0 helmet (worn)
Wands
 s - a wand of enslavement (12/24)
Scrolls
 e - 2 scrolls of recharging {unknown}
 k - a scroll of magic mapping {unknown}
 l - 4 scrolls of identify {unknown}
 m - a scroll of immolation {unknown}
 o - a scroll of remove curse {unknown}
 v - a scroll of teleportation {unknown}
Potions
 d - a potion of might
 g - 3 potions of brilliance {unknown}
 n - 2 potions of degeneration {unknown}
 q - a potion of mutation {unknown}
 r - a potion of heal wounds {unknown}
 t - a potion of flight {unknown}
Comestibles
 f - 3 bread rations
 h - 5 fruits
 j - a royal jelly
 p - 5 meat rations


   Skills:
 + Level 5.0 Fighting
 + Level 4.9 Long Blades
 + Level 5.1 Armour
 + Level 1.3 Dodging
 + Level 0.3 Stealth
 + Level 5.2 Shields


You had 6 spell levels left.
You didn't know any spells.

Dungeon Overview and Level Annotations

Branches:
Dungeon (5/15)             Temple (1/1) D:4

Altars:
Dithmenos
Elyvilon
Gozag
Hepliaklqana
Makhleb
Qazlal
Trog
Vehumet
Xom

Annotations:
D:4 Dowan, Duvessa, Pikel


Message History

You block the bullfrog skeleton's attack.
The slave hits you.
* * * LOW HITPOINT WARNING * * *
The bullfrog skeleton closely misses you.
You barely miss the slave.
The slave is lightly wounded.
The bullfrog skeleton hits you but does no damage.
The slave hits you but does no damage.
You slash the slave!
The slave is heavily wounded.
The bullfrog skeleton hits you but does no damage.
The slave hits you.
* * * LOW HITPOINT WARNING * * *
You block the bullfrog skeleton's attack.
You slash the slave!
You kill the slave!
That felt strangely unrewarding.
You block the bullfrog skeleton's attack.
The bullfrog skeleton hits you.
You die...

##.... ...#
...... ...####.
#....##........
##..............
................
................
........#.......
........ ....
#.#.###... . ...
#. .... ..


You could see a bullfrog skeleton.

Vanquished Creatures
  Sigmund (D:4)
  2 slaves
  An ogre (D:3)
  A howler monkey (D:4)
  A hound (D:3)
  Jessica (D:2)
  An iguana (D:4)
  7 adders
  An ooze (D:2)
  3 worms
  2 dart slugs (D:2)
  2 leopard geckos (D:3)
  10 orcs
  8 bats
  4 giant cockroaches
  14 hobgoblins
  6 jackals (D:2)
  A quokka (D:2)
  5 frilled lizards
  16 goblins
  9 kobolds
  5 rats
101 creatures vanquished.

Notes
Turn   | Place    | Note
-------+----------+-------------------------------------------
     0 | D:1      | Hylith the Hill Orc Fighter began the quest for the Orb.
     0 | D:1      | Reached XP level 1. HP: 19/19 MP: 1/1
   119 | D:1      | Reached XP level 2. HP: 22/27 MP: 2/2
   616 | D:2      | Reached XP level 3. HP: 31/33 MP: 3/3
   657 | D:2      | Noticed Jessica
   662 | D:2      | Killed Jessica
   703 | D:2      | Reached XP level 4. HP: 36/40 MP: 4/4
   999 | D:3      | Reached skill level 1 in Dodging
  1010 | D:3      | Reached XP level 5. HP: 37/46 MP: 5/5
  1211 | D:3      | Found a shimmering altar of Xom.
  1412 | D:3      | Found a radiant altar of Vehumet.
  1613 | D:4      | Noticed Sigmund
  1711 | D:4      | Noticed an ogre
  1748 | D:3      | Killed an ogre
  1748 | D:3      | Reached skill level 5 in Shields
  1748 | D:3      | Reached XP level 6. HP: 24/53 MP: 6/6
  2356 | D:4      | Noticed Duvessa
  2588 | D:4      | Noticed Dowan
  2694 | D:4      | Found a staircase to the Ecumenical Temple.
  2703 | Temple   | Entered the Ecumenical Temple
  2800 | Temple   | Became a worshipper of Makhleb the Destroyer
  2911 | D:4      | Killed Sigmund
  2911 | D:4      | Reached skill level 5 in Armour
  2911 | D:4      | Reached XP level 7. HP: 44/60 MP: 7/7
  2959 | D:4      | Reached skill level 5 in Fighting
  2987 | D:4      | Found a bloodstained altar of Trog.
  3048 | D:4      | Noticed Pikel
  3090 | D:5      | Entered Level 5 of the Dungeon
  3096 | D:5      | HP: 1/61 [slave[Pikel] (4)]
  3098 | D:5      | Slain by a bullfrog skeleton

Skill      XL: |  1  2  3  4  5  6  7 |
---------------+----------------------+-----
Fighting       | 4 5 |  5.0
Shields        | 4 5 |  5.2
Armour         | 4 5 |  5.1
Dodging        | 1 |  1.3
Long Blades    | 3 4 |  4.9
Stealth        | |  0.3

Action                   |  1- 3 |  4- 6 |  7- 9 || total
-------------------------+-------+-------+-------++-------
Melee: Long sword        |    82 |   266 |    40 ||   388
  Eat: Bread ration      |       |     2 |       ||     2
       Chunk             |       |     1 |       ||     1
       Fruit             |       |     1 |       ||     1
Armor: Scale mail        |    32 |   121 |    13 ||   166
Dodge: Dodged            |    27 |   100 |    16 ||   143
Block: Shield            |    52 |   178 |    24 ||   254
       Rpst.: Long sword |     8 |    31 |     4 ||    43
